 Dungeon Crawl Stone Soup version 0.27.1-1-g398f81649c (webtiles) character file.

Game seed: 11915911731085979961

63 H0rd4k the Insei (level 4, -2/28 HPs)
             Began as an Octopode Transmuter on Sept 7, 2021.
             Slain by a gnoll (3 damage)
             ... on level 3 of the Dungeon.
             The game lasted 00:02:12 (3214 turns).

H0rd4k the Insei (Octopode Transmuter)              Turns: 3214, Time: 00:02:13

Health: -2/28      AC:  1    Str:  9    XL:     4   Next: 9%
Magic:  7/7        EV: 13    Int: 16    God:
Gold:   91         SH:  0    Dex: 12    Spells: 4/8 levels left

rFire    . . .     SeeInvis .     - Unarmed
rCold    . . .     Faith    .   (no shield)
rNeg     . . .     Spirit   .   (helmet restricted)
rPois    .         Reflect  .   (no amulet)
rElec    .         Harm     .   h - ring of wizardry
rCorr    .         Rampage  .   (no ring)
Will     .....                  (no ring)
Stlth    ++........             (no ring)
HPRegen  0.09/turn              (no ring)
MPRegen  0.10/turn              (no ring)
                                (no ring)
                                (no ring)

@: no status effects
A: almost no armour, amphibious, 8 rings, camouflage 1, gelatinous body 1,
(nimble swimmer 1), tentacles
a: no special abilities


You were on level 3 of the Dungeon.
You visited 1 branch of the dungeon, and saw 3 of its levels.

You collected 91 gold pieces.

Inventory:

Jewellery
 h - a ring of wizardry (left tentacle)
Wands
 i - a wand of acid (9)
Scrolls
 a - a scroll of summoning {unknown}
 b - 2 scrolls of identify {unknown}
 c - 3 scrolls of blinking {unknown}
 d - 2 scrolls of teleportation {unknown}
 e - a scroll of fog {unknown}
Potions
 f - 2 potions of curing {unknown}
 g - a potion of might {unknown}
 j - a potion of haste {unknown}
 k - a potion of heal wounds {unknown}


   Skills:
 + Level 1.2 Fighting
 + Level 2.3 Dodging
 + Level 4.0 Unarmed Combat
 * Level 2.5 Spellcasting
 * Level 2.2 Transmutations


You had 4 spell levels left.
You knew the following spells:

 Your Spells              Type           Power      Damage    Failure   Level
a - Beastly Appendage     Tmut           18%        N/A       3%          1
b - Spider Form           Tmut/Pois      2%         N/A       16%         3

Your spell library contained the following spells:

 Spells                   Type           Power      Damage    Failure   Level
 Wereblood                Tmut           9%         N/A       4%          2
 Ice Form                 Ice/Tmut       5%         N/A       43%         4


Dungeon Overview and Level Annotations

Branches:
Dungeon (3/15)

Altars:

Annotations:
D:2 Sigmund


Innate Abilities, Weirdness & Mutations

You cannot wear most types of armour.
You are amphibious.
You can wear up to eight rings at the same time.
Your skin changes colour to match your surroundings (Stealth+).
Your rubbery body absorbs attacks. (AC +1, EV +1)
((You are camouflaged near water. (Stealth+)))
You have tentacles for arms and can constrict up to eight enemies at once.


Message History

An endoplasm is nearby!
The helpless endoplasm fails to defend itself.
You bludgeon the endoplasm!
You kill the endoplasm!
No target in view!
No target in view!
No target in view!
No target in view!
No target in view!
No target in view!
No target in view!
An orc and a dart slug come into view.
A gnoll comes into view. It is wielding a +0 flail.
The gnoll moves out of view.
There are monsters nearby!
There are monsters nearby!
A gnoll comes into view. It is wielding a +0 whip.
The orc shouts!
An orc comes into view. It is wielding a +0 dagger.
The dart slug launches a dart at you. The slug dart hits you.
You see here 7 bolts.
A gnoll comes into view. It is wielding a +0 spear.
The gnoll shouts!
The gnoll shouts! x2
The gnoll hits you with a +0 spear.
You closely miss the gnoll. Your grab misses the gnoll.
Your squeeze misses the gnoll. The gnoll hits you with a +0 flail!
The gnoll hits you with a +0 spear.
* * * LOW HITPOINT WARNING * * *
You are too injured to fight recklessly!
You are too injured to fight recklessly!
You are too injured to fight recklessly!
You are too injured to fight recklessly!
You are too injured to fight recklessly!
Unknown command.
The gnoll hits you with a +0 whip.
* * * LOW HITPOINT WARNING * * *
The gnoll hits you from afar with a +0 spear.
You die...

#.## #.#
###..######.#######.
#..<................
#.##.#####.#########
#.#...# #.# #.#...#
#.# #.
##.#...####.########
#.
#......g..#(.w.o..oo
#.
#.#...gg@....o######
#. #......#####...#
##.#########..##
##.##
..............# .#
###...######..# .#
....#..# #### .#
.##....# .# .###.#.#
.# #.#.#


You could see 3 gnolls, a dart slug and 2 orcs.

Vanquished Creatures
  An adder skeleton (D:2)
  A dart slug (D:3)
  6 ball pythons
  3 endoplasms
  3 giant cockroaches
  7 goblins
  5 hobgoblins
  7 jackals
  7 kobolds
  4 bats
  3 frilled lizards
  5 rats
52 creatures vanquished.

Notes
Turn   | Place    | Note
-------+----------+-------------------------------------------
     0 | D:1      | H0rd4k the Octopode Transmuter began the quest for the Orb.
     0 | D:1      | Reached XP level 1. HP: 13/13 MP: 3/3
   298 | D:1      | Reached XP level 2. HP: 16/18 MP: 5/5
  1349 | D:1      | Reached XP level 3. HP: 21/23 MP: 6/6
  1353 | D:1      | Learned a level 3 spell: Spider Form
  2012 | D:2      | Found a faded altar of an unknown god.
  2294 | D:2      | Noticed Sigmund
  2686 | D:3      | Reached skill level 4 in Unarmed Combat
  2767 | D:3      | Reached XP level 4. HP: 13/28 MP: 7/7
  3214 | D:3      | HP: 1/28 [gnoll (6)]
  3214 | D:3      | Slain by a gnoll

Illustrated notes

Levels and vault maps discovered:
D:1:      elethiomel_arrival_quiet, layout_basic, minmay_tripent
D:2:      layout_basic, dreamdust_ecumenical_altar_grove, uniq_sigmund
D:3:      layout_loops_ring, grunt_temple_overflow_cloverleaf

Skill      XL: |  1  2  3 |
---------------+----------+-----
Unarmed Combat | 4 |  4.0
Fighting       | |  1.2
Dodging        | |  2.3
Spellcasting   | |  2.5
Transmutations | |  2.2

Action                   |  1- 3 |  4- 6 || total
-------------------------+-------+-------++-------
Melee: Unarmed           |   110 |    15 ||   125
       Constrict         |    34 |     2 ||    36
       Tentacles         |    16 |     1 ||    17
       Punch             |     4 |     1 ||     5
 Stab: Sleeping          |    10 |     2 ||    12
Armor: Skin              |     6 |     2 ||     8
Dodge: Dodged            |    60 |    17 ||    77
